 Dungeon Crawl Stone Soup version 0.32-a0-893-gf85d74f360 (webtiles) character file.

Game seed: 2224462410333235051

123 Biggs the Slasher (level 5, -1/38 HPs)
             Began as a Coglin Gladiator on Apr 3, 2024.
             Slain by Grinder (6 damage)
             ... on level 3 of the Dungeon.
             The game lasted 00:03:28 (2161 turns).

Biggs the Slasher (Coglin Gladiator)                Turns: 2161, Time: 00:03:29

Health: -1/38      AC:  5    Str: 14    XL:     5   Next: 7%
Magic:  5/5        EV: 11    Int:  7    God:
Gold:   158        SH:  0    Dex: 18    Spells: 4/4 levels left

rFire   . . .        a - +0 long sword {Gaius}
rCold   . . .        o - +2 short sword (speed) {Xiloxoch}
rNeg    . . .        b - +0 leather armour
rPois   .            c - +0 helmet
rElec   .            (no cloak)
rCorr   .            q - +0 pair of gloves
SInv    .            (no boots)
Will    .....        (amulet unavailable)
Stlth   +            (ring unavailable)
HPRegen 0.26/turn    (ring unavailable)
MPRegen 0.09/turn    (no gizmo)

%: no passive effects
@: revving
A: off-hand wielding, slow wielding, warmup strikes, no jewellery
a: Invent Gizmo


You were on level 3 of the Dungeon.
You visited 1 branch of the dungeon, and saw 3 of its levels.

You collected 158 gold pieces.

Inventory:

Hand Weapons
 a - a +0 long sword (weapon) {Gaius}
 f - a +0 dagger {Hisae}
 o - a +2 short sword of speed (offhand) {Xiloxoch}
Missiles
 d - 3 throwing nets (quivered)
 e - a javelin
Armour
 b - a +0 leather armour (worn)
 c - a +0 helmet (worn)
 q - a +0 pair of gloves (worn)
Scrolls
 h - a scroll of identify {unknown}
 m - a scroll of revelation {unknown}
 n - a scroll of noise {unknown}
 s - a scroll of enchant weapon {unknown}
 t - a scroll of teleportation {unknown}
Potions
 g - a potion of might {unknown}
 i - 7 potions of curing {unknown}
 j - a potion of heal wounds {unknown}
 k - a potion of cancellation {unknown}
 l - 2 potions of degeneration {unknown}
 p - a potion of resistance {unknown}
 r - a potion of lignification {unknown}


   Skills:
 - Level 2.0 Fighting
 + Level 5.6 Long Blades
 - Level 1.7 Throwing
 - Level 2.6 Dodging


You had 4 spell levels left.
You didn't know any spells.
Your spell library contained the following spells:

 Spells                   Type           Power      Damage    Failure   Level
 Apportation              Tloc           0%         N/A       52%         1
 Freeze                   Ice            0%         1d3       52%         1
 Necrotise                Necr           0%         1d4       52%         1
 Sting                    Conj/Alch      0%         1d3       52%         1
 Summon Small Mammal      Summ           0%         N/A       52%         1
 Frozen Ramparts          Ice            0%         1d1       87%         3
 Hailstorm                Conj/Ice       0%         3d5       87%         3
 Inner Flame              Hex/Fire       0%         N/A       87%         3
 Irradiate                Conj/Alch      0%         3d11      100%        5
 Ignition                 Fire           0%         3d3       100%        8


Dungeon Overview and Level Annotations

Branches:
Dungeon (3/15)

Altars:
Sif Muna
Vehumet

Shops:
D:1 [

Annotations:
D:3 Grinder


Innate Abilities, Weirdness & Mutations

You can wield a second weapon in your off-hand.
It takes a long time for you to wield or remove held weapons.
Your first few attacks do less damage.
You cannot equip rings or amulets.


Message History

You hit Grinder with your +0 long sword.
Grinder is lightly wounded.
You hit Grinder with your +2 short sword of speed.
You barely miss Grinder with your +2 short sword of speed.
Grinder is moderately wounded.
You hit Grinder but do no damage. Grinder hits you but does no damage.
Unknown command.
You slash Grinder with your +0 long sword!
Grinder is heavily wounded.
You closely miss Grinder with your +2 short sword of speed.
Grinder says, "There's only one good use for a tongue: cutting it out."
Grinder gestures at you.
You suddenly lose the ability to move!
Grinder hits you but does no damage. Grinder hits you!
You writhe in agony.
Grinder hits you but does no damage. Grinder hits you.
You writhe in agony.
You can move again.
You are too injured to fight recklessly!
You are too injured to fight recklessly!
Unknown command.
You are too injured to fight recklessly!
You are too injured to fight recklessly!
Unknown command.
You hit Grinder with your +0 long sword.
Grinder is heavily wounded.
You hit Grinder with your +2 short sword of speed.
Grinder hits you!
* * * LOW HITPOINT WARNING * * *
You writhe in agony.
* * * LOW HITPOINT WARNING * * *
You slash Grinder with your +0 long sword!
Grinder is almost dead.
You barely miss Grinder with your +2 short sword of speed.
Grinder says, "My boss said I was rubbish.
His entrails said otherwise."
Grinder hits you.
* * * LOW HITPOINT WARNING * * *
You writhe in agony.
You die...
Grinder sighs, "Dead already?
I want a refund."

## .! #. #####.##
....... ....# #.# #..#
#.5# ... .... ..# #.@#
..# #..# #.# #..#
..#.#..# #.####..####
..#.#.>###...>......#
..#..............##.#.#
.####..# #..###...#.#.#
.......###..####..#.#.#
.............#
##.#.#.##..
.####.####...#
#.#.#.##.#


You could see Grinder.

Vanquished Creatures
  An orc wizard (D:2)
  3 adders (D:2)
  A ribbon worm (D:2)
  2 orcs (D:2)
  5 ball pythons
  5 bats
  3 endoplasms
  3 giant cockroaches
  5 hobgoblins
  7 jackals (D:1)
  8 kobolds
  5 quokkas
  3 frilled lizards (D:1)
  7 goblins
  3 rats (D:1)
61 creatures vanquished.

Notes
Turn   | Place    | Note
-------+----------+-------------------------------------------
     0 | D:1      | Biggs the Coglin Gladiator began the quest for the Orb.
     0 | D:1      | Reached XP level 1. HP: 16/16 MP: 1/1
    65 | D:1      | Reached XP level 2. HP: 22/22 MP: 2/2
   217 | D:1      | Reached skill level 4 in Long Blades
   251 | D:1      | Reached XP level 3. HP: 26/27 MP: 3/3
   493 | D:1      | Found Xufeumnu's Antique Armour Shoppe.
   783 | D:2      | Reached skill level 5 in Long Blades
   783 | D:2      | Reached XP level 4. HP: 13/33 MP: 4/4
   995 | D:2      | Found a shimmering blue altar of Sif Muna.
  1499 | D:2      | Reached XP level 5. HP: 38/38 MP: 5/5
  1704 | D:2      | Found a faded altar of an unknown god.
  1798 | D:3      | Found a radiant altar of Vehumet.
  2149 | D:3      | Noticed Grinder
  2155 | D:3      | Paralysed by Grinder for 4 turns
  2161 | D:3      | Slain by Grinder

Illustrated notes

Levels and vault maps discovered:
D:1:      scummos_arrival_star, layout_loops_ring, serial_shops,
          nicolae_shop_tiny_waterfront
D:2:      minmay_alternating_diamond, layout_loops_corners,
          shapermc_ecumenical_altar_hornbeckon, basic_altar, minmay_pentomino_v2
D:3:      layout_loops_ring, slow_altar_2, old_standard_altar, feat_on_display,
          uniq_grinder, uniq_crazy_yiuf_cottage

Skill      XL: |  1  2  3 |
---------------+----------+-----
Long Blades    | 4 5 |  5.6
Fighting       | |  2.0
Throwing       | |  1.7
Dodging        | |  2.6

Action                     |  1- 3 |  4- 6 || total
---------------------------+-------+-------++-------
  Melee: Long sword        |    79 |    39 ||   118
         Dagger            |    70 |    20 ||    90
         Short sword       |       |    19 ||    19
   Stab: Sleeping          |     1 |     1 ||     2
 Armour: Leather armour    |    40 |    29 ||    69
  Dodge: Dodged            |    45 |    23 ||    68

Table legend: (Time is in decaauts)
 A = Elapsed time spent in this place.
 B = Non-inter-level travel time spent in this place.
 C = Inter-level travel time spent in this place.
 D = Time resting spent in this place.
 E = Time spent auto-exploring this place.
 F = Levels seen in this place.
 G = Mean time per level.
                   A        B        C        D        E       F      G
               +--------+--------+--------+--------+--------+-----+--------+
         Total |   2164 |   2090 |     74 |      0 |   1672 |   3 |  721.3 |
       Dungeon |   2164 |   2090 |     74 |      0 |   1672 |   3 |  721.3 |
               +--------+--------+--------+--------+--------+-----+--------+

Top non-repeatable levels by time:
     D:2: 1144 daAuts
     D:1: 631 daAuts
     D:3: 389 daAuts
